 Dungeon Sprint DCSS version 0.27-a0-412-g8dd771eca2 (webtiles) character file.

Game seed: 15196309794123874545

1239 Gaff the Spear-Bearer (level 8, 0/86 HPs)
             Began as a Minotaur Berserker on Feb 24, 2021.
             Was an Elder of Trog.
             Slain by Sonja
             ... wielding a +1 short sword of distortion
              (1 damage)
             ... in the Dungeon (Sprint I: "Red Sonja").
             The game lasted 00:03:01 (600 turns).

Gaff the Spear-Bearer (Minotaur Berserker)           Turns: 600, Time: 00:03:02

Health: 0/86       AC:  6    Str: 24    XL:     8   Next: 25%
Magic:  7/7        EV: 13    Int:  4    God:    Trog [****..]
Gold:   413        SH:  0    Dex: 10    Spells: 7/7 levels left

rFire    . . .     SeeInvis .   k - +0 scythe
rCold    . . .     Faith    .   (shield currently unavailable)
rNeg     . . .     Spirit   .   j - +0 ring mail
rPois    .         Reflect  .   (helmet restricted)
rElec    .         Harm     .   (no cloak)
rCorr    .         Rampage  .   (no gloves)
Will     ++...     NoTele   +   (no boots)
Stlth    ..........             (no amulet)
HPRegen  1.24/turn              (no ring)
MPRegen  0.10/turn              (no ring)

@: lethally poisoned (0 -> -2), berserk cooldown, regenerating, slowed, very
slow
A: retaliatory headbutt, horns 2
a: Renounce Religion, Berserk, Trog's Hand, Brothers in Arms


You were in the Dungeon.
You worshipped Trog.
Trog was greatly pleased with you.
You visited 1 branch You collected 413 gold pieces.

Inventory:

Hand Weapons
 a - a +0 spear
 k - a +0 scythe (weapon)
Armour
 b - a +0 animal skin
 j - a +0 ring mail (worn)
 l - a +2 robe
Wands
 i - a wand of flame (11)
 m - a wand of digging (8)
Scrolls
 h - a scroll of blinking
 n - a scroll of amnesia {unknown}
Potions
 c - a potion of curing
 d - a potion of heal wounds
 e - a potion of haste
 f - 2 potions of magic
 g - a potion of berserk rage


   Skills:
 + Level 13.3 Fighting
 + Level 14.0 Polearms
 + Level 7.6 Armour
 + Level 6.5 Dodging


You had 7 spell levels left.
You didn't know any spells.
Your spell library was empty.

Dungeon Overview and Level Annotations

Branches:
Dungeon (1/1)

Altars:
Cheibriados
Dithmenos
Elyvilon
Fedhas
Gozag
Hepliaklqana
Kikubaaqudgha
Makhleb
Nemelex Xobeh
Okawaru
Qazlal
Ru
Sif Muna
Trog
Uskayaw
Vehumet
Wu Jian
Xom
Yredelemnul
Zin
The Shining One
Jiyva
Lugonu

Shops:
D :

Annotations:
D Sonja


Innate Abilities, Weirdness & Mutations

You reflexively headbutt those who attack you in melee.
You have a pair of horns on your head.


Message History

You feel strong-willed.
You feel very sick.
Sonja throws a curare-tipped dart.
The curare-tipped dart hits you.
You are more poisoned.
You have difficulty breathing.
* * * LOW HITPOINT WARNING * * *
You feel as though you will be slow longer.
Sonja throws a curare-tipped dart.
The curare-tipped dart misses you.
You feel very sick.
Sonja throws a curare-tipped dart.
The curare-tipped dart closely misses you.
There is an open door, spattered with blood here.
You feel sick.
Sonja throws a curare-tipped dart.
The curare-tipped dart misses you.
You feel very sick.
You see here 27 gold pieces.
Sonja is nearby!
You open the door.
A deep troll comes into view.
You feel sick.
The deep troll shouts!
Sonja says, "Someone hired me to kill you, but I'm not supposed to say who."
Sonja throws a curare-tipped dart.
The curare-tipped dart hits you.
You are more poisoned.
You have difficulty breathing.
* * * LOW HITPOINT WARNING * * *
You feel as though you will be slow longer.
Found 108 gold pieces.
You feel very sick. Sonja completely misses you.
Sonja hits you with a +1 short sword of distortion.
* * * LOW HITPOINT WARNING * * *
Sonja hits you with a +1 short sword of distortion.
* * * LOW HITPOINT WARNING * * *
You fail to use your ability.
* * * LOW HITPOINT WARNING * * *
You feel sick. Sonja completely misses you. You furiously retaliate!
You headbutt Sonja!
Sonja hits you with a +1 short sword of distortion.
You die...

#..)).#..'†.#..'..'..#...#
#..#####'#####'#__####...+
#..####..#...#.#### #####
#..#__####..##.#
#..#_____##'#_.+
#⌠⌠#_.∩...÷..._#
####_..__##_.#'#
#_____###K#.#
#########@####+###
+$.$T$$.$$+ #$.$#######
##.## #+#


You could see a deep troll and Sonja.

Vanquished Creatures
  2 kobold demonologists (D)
  A slime creature (D)
  A yak (D)
  Sigmund (D)
  A floating eye (D)
  An ogre (D)
  A jelly (D)
  Ijyb (D)
9 creatures vanquished.

Notes
Turn   | Place    | Note
-------+----------+-------------------------------------------
     0 | D        | Gaff the Minotaur Berserker began the quest for the Orb.
     0 | D        | Reached XP level 1. HP: 19/19 MP: 0/0
     2 | D        | Noticed Ijyb
     7 | D        | Killed Ijyb
     8 | D        | Reached skill level 5 in Fighting
     8 | D        | Reached skill level 5 in Polearms
     8 | D        | Reached XP level 2. HP: 26/29 MP: 1/1
   133 | D        | Noticed an ogre
   141 | D        | Killed an ogre
   142 | D        | Reached skill level 7 in Polearms
   142 | D        | Reached XP level 3. HP: 40/40 MP: 2/2
   142 | D        | Reached XP level 4. HP: 48/48 MP: 3/3
   191 | D        | Noticed Sigmund
   196 | D        | Killed Sigmund
   196 | D        | Reached ** piety under Trog
   197 | D        | Reached skill level 10 in Polearms
   197 | D        | Reached skill level 5 in Armour
   197 | D        | Reached XP level 5. HP: 58/58 MP: 4/4
   285 | D        | Found an ornate altar of the Wu Jian Council.
   285 | D        | Found a shimmering blue altar of Sif Muna.
   287 | D        | Found a radiant altar of Vehumet.
   291 | D        | Reached skill level 10 in Fighting
   291 | D        | Reached XP level 6. HP: 66/66 MP: 5/5
   295 | D        | Found Fuikhl Qema's Book Emporium.
   295 | D        | Found an ancient bone altar of Kikubaaqudgha.
   295 | D        | Found a hazy altar of Hepliaklqana.
   295 | D        | Found a stormy altar of Qazlal.
   295 | D        | Found a hide-covered altar of Uskayaw.
   295 | D        | Found a blossoming altar of Fedhas.
   295 | D        | Found a bloodstained altar of Trog.
   295 | D        | Found an iron altar of Okawaru.
   295 | D        | Found a basalt altar of Yredelemnul.
   295 | D        | Found a glowing golden altar of the Shining One.
   295 | D        | Found a snail-covered altar of Cheibriados.
   295 | D        | Found a sacrificial altar of Ru.
   295 | D        | Found a glowing silver altar of Zin.
   295 | D        | Found a shadowy altar of Dithmenos.
   295 | D        | Found a white marble altar of Elyvilon.
   295 | D        | Noticed a yak
   298 | D        | Killed a yak
   299 | D        | Reached skill level 11 in Polearms
   299 | D        | Reached skill level 5 in Dodging
   302 | D        | Found an opulent altar of Gozag.
   321 | D        | Found a sparkling altar of Nemelex Xobeh.
   449 | D        | Found a burning altar of Makhleb.
   449 | D        | Found a viscous altar of Jiyva.
   449 | D        | Found a shimmering altar of Xom.
   449 | D        | Found a corrupted altar of Lugonu.
   449 | D        | Noticed a slime creature
   452 | D        | Killed a slime creature
   452 | D        | Reached *** piety under Trog
   453 | D        | Reached skill level 12 in Polearms
   453 | D        | Reached XP level 7. HP: 75/75 MP: 6/6
   506 | D        | Noticed a kobold demonologist
   507 | D        | Noticed a kobold demonologist
   509 | D        | Noticed a sixfirhy
   510 | D        | Noticed a soul eater
   511 | D        | Noticed an ice devil
   513 | D        | Killed a kobold demonologist
   514 | D        | Reached skill level 13 in Polearms
   514 | D        | Paralysed by a floating eye for 3 turns
   517 | D        | Killed a kobold demonologist
   517 | D        | Reached **** piety under Trog
   518 | D        | Reached XP level 8. HP: 86/86 MP: 7/7
   520 | D        | Reached skill level 14 in Polearms
   583 | D        | Noticed Sonja
   598 | D        | Noticed a deep troll
   599 | D        | HP: 1/86 [Sonja/+1 short sword of distortion (6)]
   600 | D        | Slain by Sonja

Illustrated notes

Levels and vault maps discovered:
D:        dungeon_sprint_1 [red_sonja_temple_1, red_sonja_temple_small_1]

Skill      XL: |  1  2  3  4  5  6  7  8 |
---------------+-------------------------+-----
Fighting       | 5 7 9 10 11 13 | 13.3
Polearms       | 5 7 10 12 13 14 | 14.0
Armour         | 3 4 5 6 7 |  7.6
Dodging        | 3 4 5 6 |  6.5

Action                   |  1- 3 |  4- 6 |  7- 9 || total
-------------------------+-------+-------+-------++-------
Melee: Spear             |     8 |     3 |       ||    11
       Headbutt          |     1 |     4 |     1 ||     6
       Scythe            |       |     6 |    12 ||    18
Invok: Berserk           |     2 |     3 |     2 ||     7
       Trog's Hand       |       |       |     1 ||     1
Armor: Ring mail         |       |       |     7 ||     7
Dodge: Dodged            |     2 |     7 |    21 ||    30

Table legend: (Time is in decaauts)
 A = Elapsed time spent in this place.
 B = Non-inter-level travel time spent in this place.
 C = Inter-level travel time spent in this place.
 D = Time resting spent in this place.
 E = Time spent auto-exploring this place.
 F = Levels seen in this place.
 G = Mean time per level.
                   A        B        C        D        E       F      G
               +--------+--------+--------+--------+--------+-----+--------+
         Total |    667 |    667 |      0 |    429 |      0 |   1 |  667.0 |
       Dungeon |    667 |    667 |      0 |    429 |      0 |   1 |  667.0 |
               +--------+--------+--------+--------+--------+-----+--------+

Top non-repeatable levels by time:
       D: 667 daAuts
